 Dungeon Crawl Stone Soup version 0.21-a0-265-gb353147 (webtiles) character file.

99 tof the Caller (level 4, -2/32 HPs)
             Began as a Merfolk Summoner on Sept 12, 2017.
             Slain by an orc
             ... wielding a +0 whip
              (5 damage)
             ... on level 3 of the Dungeon.
             The game lasted 00:06:19 (3144 turns).

tof the Caller (Merfolk Summoner)                   Turns: 3144, Time: 00:06:20

Health: -2/32      AC:  4    Str: 10    XL:     4   Next: 72%
Magic:  4/8        EV: 13    Int: 15    God:
Gold:   122        SH:  0    Dex: 14    Spells: 5/8 levels left

rFire    . . .     SeeInvis .   l - +0 dagger (holy)
rCold    . . .     Gourm    .   (no shield)
rNeg     . . .     Faith    .   a - +0 robe
rPois    .         Spirit   .   (no helmet)
rElec    .         Reflect  .   (no cloak)
rCorr    +         Harm     .   g - +0 pair of gloves
MR       .....                  m - +0 pair of boots
Stlth    ++........             (no amulet)
HPRegen  0.10/turn              p - ring of resist corrosion
MPRegen  0.11/turn              t - +2 ring of strength

@: no status effects
A: change form in water, swift swim, stealthy swim
a: no special abilities


You were on level 3 of the Dungeon.
You were not hungry.

You visited 1 branch of the dungeon, and saw 3 of its levels.

You collected 122 gold pieces.

Inventory:

Hand Weapons
 l - a +0 dagger of holy wrath (weapon)
Armour
 a - a +0 robe (worn)
 g - a +0 pair of gloves (worn)
 m - a +0 pair of boots (worn)
Jewellery
 p - a ring of resist corrosion (left hand)
 t - a +2 ring of strength (right hand)
Scrolls
 i - a scroll of teleportation {unknown}
 j - 2 scrolls of enchant weapon {unknown}
 n - 3 scrolls of identify {unknown}
 q - 2 scrolls of remove curse {unknown}
 u - a scroll of amnesia {unknown}
Potions
 c - a potion of cancellation {unknown}
 e - a potion of curing
 f - 2 potions of might {unknown}
 h - a potion of agility {unknown}
 o - a potion of resistance {unknown}
 r - a potion of heal wounds {unknown}
 s - a potion of mutation {unknown}
Books
 b - a book of Callings

   Spells                             Type                      Level
   a - Summon Small Mammal            Summoning                    1
   b - Call Imp                       Summoning                    2
   c - Call Canine Familiar           Summoning                    3
   d - Summon Guardian Golem          Hexes/Summoning              3
   e - Summon Lightning Spire         Summoning/Air                4
   f - Summon Ice Beast               Ice/Summoning                4
Comestibles
 d - a royal jelly
 k - a meat ration
 v - 3 chunks of flesh


   Skills:
 + Level 1.2 Fighting
 + Level 3.5 Dodging
 + Level 2.9 Stealth
 + Level 2.7 Spellcasting
 * Level 4.7 Summonings


You had 5 spell levels left.
You knew the following spells:

 Your Spells              Type           Power        Failure   Level  Hunger
a - Summon Small Mammal   Summ           ###.         3%          1    #......
b - Call Imp              Summ           ###.....     4%          2    ##.....


Dungeon Overview and Level Annotations

Branches:
Dungeon (3/15)

Altars:
Fedhas


Message History

The orc closely misses you. The orc hits you but does no damage.
There is a stone staircase leading up here.
Casting: Summon Small Mammal
Confirm with . or Enter, or press ? or * to list all spells.
A beastly little devil appears in a puff of flame.
The bat barely misses your crimson imp. The orc hits you with a whip.
The bat misses you. The orc hits you with a trident!
* * * LOW HITPOINT WARNING * * *
Casting: Call Imp
Confirm with . or Enter, or press ? or * to list all spells.
The bat closely misses you. The orc hits you but does no damage.
The orc hits you with a whip.
* * * LOW HITPOINT WARNING * * *
The orc hits you but does no damage.
Your crimson imp barely misses the orc.
Casting: Summon Small Mammal
Confirm with . or Enter, or press ? or * to list all spells.
The bat hits you but does no damage.
Your bat hits the orc. The bat misses your bat.
Your bat closely misses the orc.
The orc closely misses you. The orc hits you with a whip.
You die...

..........$..#.....#.
.......#.###.#####...
##.###...# #.#######)
#.#####o........ ...
#........... ###
#...........
####+#######..........#
#....o.............(..
#...bb@5..............
#....oo...............
#.....b...............
#...........#########..
#......%....# #..
#####################..
###............
#..............
#..............


You could see 3 orcs, a bat, a friendly crimson imp and 2 friendly bats.

Vanquished Creatures
  An adder (D:2)
  A giant cockroach (D:2)
  4 goblins
  3 hobgoblins
  A jackal (D:1)
  2 bats
  A frilled lizard (D:1)
  6 kobolds
  5 rats
24 creatures vanquished.

Vanquished Creatures (collateral kills)
  A hound (D:2)
  An orc priest (D:3)
  2 adders (D:3)
  A worm (D:2)
  A dart slug (D:2)
  4 orcs (D:3)
  A giant cockroach (D:1)
  3 goblins
  4 hobgoblins
  2 jackals (D:1)
  3 kobolds
  A quokka (D:3)
  A bat (D:1)
  A frilled lizard (D:2)
  A rat (D:2)
27 creatures vanquished.

Grand Total: 51 creatures vanquished

Notes
Turn   | Place    | Note
-------+----------+-------------------------------------------
     0 | D:1      | tof the Merfolk Summoner began the quest for the Orb.
     0 | D:1      | Reached XP level 1. HP: 13/13 MP: 3/3
   190 | D:1      | Reached XP level 2. HP: 19/19 MP: 3/5
   216 | D:1      | Learned a level 2 spell: Call Imp
  1369 | D:2      | Found a blossoming altar of Fedhas.
  1404 | D:2      | Reached XP level 3. HP: 25/25 MP: 3/6
  1461 | D:2      | HP: 1/25 [hound (6)]
  2072 | D:2      | Reached skill level 1 in Fighting
  2128 | D:2      | Reached XP level 4. HP: 25/32 MP: 5/7
  3144 | D:3      | Slain by an orc

Vault maps used:
D:1:      co_arrival_square_in_a_square_in_a_square, serial_forest,
          infiniplex_forest_join, infiniplex_forest_lined_ring,
          infiniplex_forest_lined_2, infiniplex_forest_straight_4,
          infiniplex_forest_clump_double, infiniplex_forest_corner_1,
          infiniplex_forest_3_way
D:2:      fedhas_altar_3
D:3:      first_bread, uniq_crazy_yiuf_cottage

Skill      XL: |  1  2  3 |
---------------+----------+-----
Dodging        | 3 |  3.5
Fighting       | 1 |  1.2
Stealth        | |  2.9
Spellcasting   | |  2.7
Summonings     | |  4.7

Action                   |  1- 3 |  4- 6 || total
-------------------------+-------+-------++-------
Melee: Mace              |     9 |       ||     9
       Unarmed           |     7 |       ||     7
       Dagger            |    95 |    35 ||   130
 Cast: Summon Small Mamm |    19 |    12 ||    31
       Call Imp          |    13 |    10 ||    23
 Stab: Sleeping          |     2 |     1 ||     3
       Distracted        |     2 |     1 ||     3
  Eat: Bread ration      |     1 |     1 ||     2
       Chunk             |     1 |     1 ||     2
Armor: Robe              |    22 |    13 ||    35
Dodge: Dodged            |    83 |    41 ||   124

Table legend:
 A = Spawn XP
 B = Non-spawn XP
 C = Spawn XP percentage of total XP
 D = Spawn monster count
 E = Non-spawn monster count
 F = Spawn count percentage of total count
 G = Total turns spent on level
                    A         B        C        D         E        F      G
               +---------+---------+-------+---------+---------+-------+---------
         Total |       0 |     142 |   0.0 |       0 |      51 |   0.0 |  3144
               +---------+---------+-------+---------+---------+-------+---------
           D:1 |       0 |      23 |   0.0 |       0 |      15 |   0.0 |  1210
           D:2 |       0 |      71 |   0.0 |       0 |      24 |   0.0 |  1221
           D:3 |       0 |      48 |   0.0 |       0 |      12 |   0.0 |   713
               +---------+---------+-------+---------+---------+-------+---------
